 Dungeon Crawl Stone Soup version 0.29.1-2-gbd0b4ee654 (webtiles) character file.

Game seed: 7294931779472032304

129549 DemonSlayer the Eclecticist (level 16, -12/108 HPs)
             Began as a Demonspawn Fire Elementalist on Nov 10, 2022.
             Was the Champion of Vehumet.
             Killed by divine providence
             ... invoked by a meliai
              (13 damage)
             ... on level 3 of the Abyss.
             The game lasted 02:41:25 (39385 turns).

DemonSlayer the Eclecticist (DsFE)                 Turns: 39385, Time: 02:41:27

Health: -12/108    AC: 17    Str: 12    XL:     16   Next: 51%
Magic:  24/35      EV: 23    Int: 30    God:    Vehumet [******]
Gold:   562        SH:  0    Dex: 27    Spells: 1/45 levels left

rFire   + + .      SeeInvis +   g - +7 glaive of the Grinning Scorpion {protect, rF++ Str+2 Dex+2}
rCold   + + +      Faith    .   (shield currently unavailable)
rNeg    . . .      Spirit   .   Q - +1 troll leather armour {Snorg}
rPois   .          Reflect  .   f - +0 helmet {Int+3}
rElec   +          Harm     .   M - +1 cloak of the Monkey's Uncle {Rampage Drain rElec rC+++}
rCorr   .          Rampage  +   (gloves unavailable)
Will    +....                   O - +0 pair of boots
Stlth   ++........              o - amulet of regeneration
HPRegen 1.88/turn               k - ring of Felih {rElec Dex+7 SInv}
MPRegen 0.24/turn               v - ring of Fuisma {EV+4 Int+5 Dex+3}

@: confused, lethally poisoned (-12 -> -39), ambrosia-drunk, under a protective
aura, studying Maces & Flails, unable to drink
A: repulsion field 2, powered by death 1, demonic magic 2, demonic touch 3,
[inability to drink after injury 2]
a: Renounce Religion


You were on level 3 of the Abyss.
You worshipped Vehumet.
Vehumet was exalted by your worship.
You visited 4 branches of the dungeon, and saw 23 of its levels.
You visited the Abyss 1 time.
You also visited: Sewer and Gauntlet.

You collected 2632 gold pieces.
You spent 2070 gold pieces at shops.

Inventory:

Hand Weapons
 g - the +7 glaive of the Grinning Scorpion (weapon) {protect, rF++ Str+2 Dex+2}
   (You took it off a minotaur in a Gauntlet)

   It grants its wielder temporary protection when it strikes (+7 to AC).
   Str:       It affects your strength (+2).
   Dex:       It affects your dexterity (+2).
   rF:        It greatly protects you from fire.
Missiles
 D - a throwing net
Armour
 f - a +0 helmet of intelligence (worn)
 F - the +4 scale mail of Immorality {rElec Dex+4}
   (You found it on level 4 of the Lair of Beasts)

   Dex:       It affects your dexterity (+4).
   rElec:     It insulates you from electricity.
 M - the +1 cloak of the Monkey's Uncle (worn) {Rampage Drain rElec rC+++}
   (You found it on level 13 of the Dungeon)

   rC:        It renders you almost immune to cold.
   rElec:     It insulates you from electricity.
   Drain:     It drains your maximum health when unequipped.
   Rampage:   It bestows one free step when moving towards enemies.
 O - a +0 pair of boots (worn)
 P - the +6 chain mail "Cujoam" {rF+ rC+ Int+3 Dex+2}
   (You took it off an orc warrior on level 12 of the Dungeon)

   Int:       It affects your intelligence (+3).
   Dex:       It affects your dexterity (+2).
   rF:        It protects you from fire.
   rC:        It protects you from cold.
 Q - a +1 troll leather armour (worn) {Snorg}
Jewellery
 k - the ring of Felih (left hand) {rElec Dex+7 SInv}
   (You found it on level 2 of the Dungeon)

   [ring of see invisible]

   Dex:       It affects your dexterity (+7).
   rElec:     It insulates you from electricity.
   SInv:      It lets you see invisible.
 o - an amulet of regeneration (around neck)
 t - a ring of flight
 v - the ring of Fuisma (right hand) {EV+4 Int+5 Dex+3}
   (You found it on level 15 of the Dungeon)

   [ring of evasion]

   EV:        It affects your evasion (+4).
   Int:       It affects your intelligence (+5).
   Dex:       It affects your dexterity (+3).
 I - a ring of resist corrosion
Wands
 h - a wand of polymorph (26)
 n - a wand of paralysis (9)
 p - a wand of roots (10)
 C - a wand of flame (31)
Scrolls
 a - 2 scrolls of summoning
 c - 3 scrolls of fear
 e - 16 scrolls of teleportation
 j - a scroll of poison
 m - 8 scrolls of enchant armour
 q - 3 scrolls of amnesia
 r - 2 scrolls of blinking
 s - 2 scrolls of immolation
 w - 5 scrolls of vulnerability
 z - a scroll of butterflies
 B - 2 scrolls of brand weapon
 E - 5 scrolls of magic mapping
 G - 8 scrolls of identify
Potions
 b - 6 potions of mutation
 i - 6 potions of flight
 l - 4 potions of lignification
 u - a potion of magic
 x - 4 potions of ambrosia
 J - 4 potions of brilliance
 L - 4 potions of cancellation
Miscellaneous
 y - a lightning rod (4/4)
 K - a condenser vane (inert)


   Skills:
 + Level 4.7 Fighting
 + Level 4.3 Short Blades
 + Level 1.8 Maces & Flails
 + Level 4.8 Polearms
 + Level 0.5 Throwing
 + Level 4.7 Armour
 + Level 5.5 Dodging
 + Level 12.6 Stealth
 + Level 15.1 Spellcasting
 + Level 9.3 Conjurations
 + Level 1.1 Hexes
 + Level 0.8 Summonings
 + Level 3.4 Transmutations
 + Level 13.5 Fire Magic
 + Level 1.1 Ice Magic
 + Level 3.3 Air Magic
 + Level 3.4 Earth Magic
 + Level 5.0 Poison Magic
 + Level 3.6 Evocations


You had one spell level left.
You knew the following spells:

 Your Spells              Type           Power      Damage    Failure   Level
a - Foxfire               Conj/Fire      100%       2x1d9     1%          1
b - Scorch                Fire           100%       2d10      0%          2
c - Ignite Poison         Fire/Tmut/Pois 61%        N/A       1%          3
d - Mephitic Cloud        Conj/Pois/Air  55%        N/A       1%          3
e - Sticky Flame          Conj/Fire      74%        2d9       1%          4
f - Flame Wave            Conj/Fire      74%        2d16      1%          4
g - Summon Guardian Gole  Hex/Summ       28%        N/A       5%          3
h - Swiftness             Air            42%        N/A       1%          3
i - Hailstorm             Conj/Ice       52%        3d12      1%          4
j - Frozen Ramparts       Ice            58%        1d9       1%          3
k - Fireball              Conj/Fire      37%        3d15      1%          5
l - Blink                 Tloc           44%        N/A       4%          2
m - Stone Arrow           Conj/Erth      100%       3d13      1%          3
n - Fulminant Prism       Conj/Hex       26%        3d14      1%          4

Your spell library contained the following spells:

 Spells                   Type           Power      Damage    Failure   Level
 Orb of Destruction       Conj           34%        9d10      13%         7
 Beastly Appendage        Tmut           86%        N/A       1%          1
 Magic Dart               Conj           100%       1d8       1%          1
 Sandblast                Erth           86%        2d18      1%          1
 Shock                    Conj/Air       100%       1d9       1%          1
 Slow                     Hex            100%       N/A       1%          1
 Summon Small Mammal      Summ           100%       N/A       1%          1
 Passwall                 Tmut/Erth      35%        N/A       1%          2
 Searing Ray              Conj           100%       2d8       1%          2
 Static Discharge         Conj/Air       57%        3-11/arc  1%          2
 Wereblood                Tmut           43%        N/A       1%          2
 Conjure Flame            Conj/Fire      74%        6-21      1%          3
 Dazzling Flash           Conj/Hex       100%       N/A       1%          3
 Inner Flame              Hex/Fire       61%        N/A       1%          3
 Spider Form              Tmut/Pois      48%        N/A       1%          3
 Airstrike                Air            21%        2d(3-19)  1%          4
 Lightning Bolt           Conj/Air       28%        1d45      1%          5
 Call Imp                 Summ           27%        N/A       2%          2
 Freezing Cloud           Conj/Ice/Air   25%        6-21      3%          5
 Confusing Touch          Hex            29%        N/A       4%          3
 Call Canine Familiar     Summ           27%        N/A       5%          3
 Lesser Beckoning         Tloc           22%        N/A       8%          3
 Vampiric Draining        Necr           22%        2d7       8%          3
 Ice Form                 Ice/Tmut       36%        N/A       11%         4
 Summon Lightning Spire   Summ/Air       35%        N/A       11%         4
 Summon Ice Beast         Ice/Summ       28%        N/A       17%         4
 Anguish                  Hex/Necr       12%        N/A       22%         4
 Silence                  Hex/Air        17%        N/A       30%         5
 Summon Mana Viper        Hex/Summ       28%        N/A       43%         5
 Agony                    Necr           22%        N/A       58%         5
 Manifold Assault         Tloc           22%        N/A       58%         5
 Summon Cactus Giant      Summ           13%        N/A       96%         6
 Simulacrum               Ice/Necr       13%        N/A       97%         6
 Enfeeble                 Hex            14%        N/A       100%        7
 Monstrous Menagerie      Summ           13%        N/A       100%        7
 Maxwell's Capacitive Co  Air            21%        ∞         100%        8
 Polar Vortex             Ice            14%        N/A       100%        9


Dungeon Overview and Level Annotations

Branches:
Dungeon (15/15)            Temple (0/1) D:6            Lair (5/5) D:8
 Shoals (0/4) Lair:2       Spider (0/4) Lair:2        Slime (0/5) Lair:4
    Orc (2/2) D:9             Elf (1/3) Orc:2        Vaults (0/5) D:14
 Depths (0/4) D:15          Sewer (visited)         Gauntlet (visited)

Altars:
Ashenzari
Cheibriados
Dithmenos
Gozag
Hepliaklqana
Qazlal
Trog
Vehumet
Xom

Shops:
D:3 ?   D:4 *   D:8 !   D:10 [   Orc:2 ?[*(

Portals:
Trove: D:13 (show abyssal rune of Zot)

Annotations:
D:14 2 transporters, Jutsoyk's ghost, journeyman DrCj
Lair:3 exclusion: 2 oklob plants


Innate Abilities, Weirdness & Mutations

You are surrounded by a moderate repulsion field. (EV +3)
You regenerate a little health from kills.
Spells you cast may paralyse nearby enemies.
Your touch may irresistibly damage your foes and sap their willpower.
[You sometimes lose the ability to drink potions when taking damage.]


Message History

You are lethally poisoned!
The green very ugly thing poisons you!
The meliai mumbles some strange prayers to its god against you.
Something smites you!
A meliai comes into view. It is wielding a +0 hand axe.
The meliai closely misses you. The meliai misses you.
The helpless meliai fails to defend itself.
You slice the meliai!!
Your weapon exudes an aura of protection.
You kill the meliai!
Vehumet accepts your kill.
You feel your power returning.
* * * LOW HITPOINT WARNING * * *
You feel extremely sick. The meliai hits you with a +0 hand axe.
* * * LOW HITPOINT WARNING * * *
The meliai barely misses you.
A wretched star comes into view.
The wretched star pulses with an eldritch light!
You occasionally lose the ability to drink potions when taking damage.
You lose the ability to drink potions when taking damage more often.
The meliai misses you. x2
The green very ugly thing completely misses you.
Unknown command.
Blink to where?
Press: ? - help, Dir - move target, p - green very ugly thing
Found an elf corpse.
Found two gateways leading deeper into the Abyss.
Found four runelights.
As you read the scroll of blinking, it crumbles to dust.
* * * LOW HITPOINT WARNING * * *
You feel extremely sick.
You are confused.
You feel invigorated.
* * * LOW HITPOINT WARNING * * *
You feel extremely sick.
The meliai invokes the aid of its god against you.
Something smites you!
You feel threatened and lose the ability to drink potions!
You die...

#.).# # #*###†###
.# #y.u ...#. ...
#..⌠#u..#...# .⌠#
##.###*###.###†##
#..⌠#⌠..#.y.#..⌠#⌠
#.........>........
....
.......∩......>
.... .......@.....#
......#..#...#
..... ..... ## .###
..###.# #.. #.. #..
... ..# .#. .## #


You could see 2 very ugly things, 2 wretched stars and 2 meliai.

Vanquished Creatures
  Jorgrun (D:12)
  A tengu reaver (D:12)
  The ghost of TheSexyCheese the Warrior, a journeyman MiFi of the Shining One (Lair:3)
  A deep elf sorcerer (D:15)
  Louise (D:15)
  Snorg (D:12)
  An ettin (Orc:2)
  2 fire dragons
  8 vault guards (D:14)
  10 hydras
  An ice dragon (D:15)
  Harold (D:11)
  5 ogre magi
  5 boulder beetles
  5 centaur warriors
  4 tengu warriors
  A catoblepas (D:10)
  14 two-headed ogres
  6 death yaks (Lair:5)
  A death scarab (Gauntlet)
  A spectral catoblepas (Gauntlet)
  A fire crab (Gauntlet)
  5 deep elf knights
  A skeletal warrior (D:10)
  2 deep trolls (Orc:2)
  3 wizards
  A lindwurm (Lair:5)
  Pikel (D:5)
  3 deep elf archers (Elf:1)
  3 deep elf zephyrmancers
  4 deep elf pyromancers
  4 orc knights
  12 cyclopes
  An orc sorcerer (D:13)
  8 manticores
  11 ugly things
  A worldbinder (Gauntlet)
  7 elephants (Lair:3)
  A moth of wrath (Gauntlet)
  7 black mambas
  3 molten gargoyles (Lair:5)
  13 cane toads
  A gargoyle (D:12)
  An unseen horror (D:12)
  A kobold demonologist (D:9)
  An efreet (D:15)
  A yaktaur (D:15)
  2 rime drakes
  16 komodo dragons
  2 tengu conjurers
  A freezing wraith (D:14)
  2 queen bees (Lair:3)
  16 trolls
  2 polar bears
  4 meliai
  3 hornets
  4 dream sheep (Lair:5)
  8 blink frogs
  20 slime creatures
  An air elemental (Elf:1)
  Sigmund (D:5)
  A centaur simulacrum (D:12)
  2 vampires
  3 shadows
  A spriggan (shapeshifter) (D:12)
  45 yaks
  A water elemental (Elf:1)
  4 wraiths
  4 wyverns
  9 basilisks
  4 fire bats (Gauntlet)
  A redback (shapeshifter) (D:13)
  Grum (D:10)
  13 vampire mosquitoes
  6 wargs
  Menkaure (D:7)
  4 steam dragons
  5 acid dragons
  17 water moccasins
  3 hell hounds (Lair:5)
  4 black bears
  18 orc warriors
  2 ice beasts
  26 wolves
  27 ogres
  19 centaurs
  2 boggarts (Gauntlet)
  2 lemures (D:5)
  2 phantoms
  5 kobold brigands
  2 necrophages
  12 bullfrogs
  2 gnoll sergeants
  39 killer bees
  5 spriggan skeletons (D:12)
  7 howler monkeys
  2 electric eels (D:9)
  A troll skeleton (D:12)
  5 lava snakes (Lair:5)
  5 jellies
  A quasit (D:7)
  3 hounds
  Crazy Yiuf (D:7)
  21 orc priests
  3 gnoll boudas
  7 iguanas
  Ijyb (D:4)
  20 orc wizards
  A mummy (D:6)
  18 gnolls
  6 adders
  3 river rats
  2 shadow imps (D:7)
  7 ufetubi
  4 worms
  5 dart slugs
  61 orcs
  14 ball pythons
  10 endoplasms
  3 giant cockroaches
  9 goblins
  6 hobgoblins
  7 jackals
  17 kobolds
  5 quokkas
  4 bats
  3 frilled lizards
  A kobold zombie (D:6)
  3 orc zombies (D:6)
  10 rats
  3 butterflies (Lair:3)
821 creatures vanquished.

Vanquished Creatures (collateral kills)
  A minotaur (Gauntlet)
1 creature vanquished.

Vanquished Creatures (others)
  A black mamba (Lair:1)
  A wraith (D:12)
  A basilisk (Lair:3)
  2 orcs (D:12)
  A demonic plant (D:7)
  632 foxfires
  4 fulminant prisms
  29 fungi
  41 plants
712 creatures vanquished.

Grand Total: 1534 creatures vanquished

Notes
Turn   | Place    | Note
-------+----------+-------------------------------------------
     0 | D:1      | DemonSlayer the Demonspawn Fire Elementalist began the
                  | quest for the Orb.
     0 | D:1      | Reached XP level 1. HP: 13/13 MP: 3/3
    16 | D:1      | Found a faded altar of an unknown god.
   260 | D:1      | Gained mutation: Your touch may inflict minor irresistible
                  | damage on your foes. [demonic ancestry]
   260 | D:1      | Reached XP level 2. HP: 6/19 MP: 1/5
  1302 | D:1      | Learned a level 2 spell: Scorch
  1812 | D:1      | Reached XP level 3. HP: 22/24 MP: 0/6
  1816 | D:1      | Learned a level 3 spell: Ignite Poison
  2070 | D:2      | Identified the ring of Felih {rElec Dex+7 SInv}
  2886 | D:2      | Gained mutation: You regenerate a little health from kills.
                  | [demonic ancestry]
  2886 | D:2      | Reached XP level 4. HP: 30/30 MP: 0/8
  3517 | D:3      | Reached skill level 3 in Spellcasting
  3971 | D:3      | Reached skill level 1 in Maces & Flails
  4017 | D:3      | Found Lotruf's Magic Scroll Shoppe.
  4080 | D:3      | Bought a scroll of blinking for 90 gold pieces
  4080 | D:3      | Bought a scroll of teleportation for 36 gold pieces
  4242 | D:3      | Gained mutation: Your touch may inflict irresistible damage
                  | on your foes. [demonic ancestry]
  4242 | D:3      | Reached XP level 5. HP: 36/36 MP: 2/9
  4626 | D:3      | Learned a level 3 spell: Mephitic Cloud
  4765 | D:4      | Reached skill level 1 in Armour
  4928 | D:4      | Gained mutation: Spells you cast may paralyse adjacent
                  | enemies. [demonic ancestry]
  4928 | D:4      | Reached XP level 6. HP: 34/42 MP: 7/11
  4986 | D:4      | Reached skill level 4 in Spellcasting
  5232 | D:4      | Found Lekuifruuse's Overcharged Wands.
  5548 | D:4      | Gained mutation: You are surrounded by a mild repulsion
                  | field. (EV +2) [demonic ancestry]
  5548 | D:4      | Reached XP level 7. HP: 39/47 MP: 5/13
  5747 | D:4      | Noticed Ijyb
  5753 | D:4      | Killed Ijyb
  5754 | D:4      | Reached skill level 1 in Short Blades
  5993 | D:4      | Learned a level 4 spell: Sticky Flame
  6003 | D:5      | Entered Level 5 of the Dungeon
  6445 | D:4      | HP: 2/47 [orc priest/divine providence (14)]
  7311 | D:3      | Bought 2 scrolls of identify for 48 gold pieces
  7711 | D:5      | Gained mutation: Your touch may irresistibly damage your
                  | foes and sap their willpower. [demonic ancestry]
  7711 | D:5      | Reached XP level 8. HP: 53/53 MP: 9/15
  7804 | D:5      | Noticed Sigmund
  7813 | D:5      | Killed Sigmund
  7814 | D:5      | Reached skill level 1 in Fighting
  7814 | D:5      | Reached skill level 5 in Spellcasting
  7953 | D:5      | Found a stormy altar of Qazlal.
  8046 | D:5      | Found a snail-covered altar of Cheibriados.
  8050 | D:5      | Found a radiant altar of Vehumet.
  8050 | D:5      | Noticed Pikel
  8061 | D:5      | Killed Pikel
  8114 | D:5      | Found a hazy altar of Hepliaklqana.
  8121 | D:5      | Learned a level 4 spell: Flame Wave
  8125 | D:5      | Became a worshipper of Vehumet
  8316 | D:6      | Reached skill level 5 in Fire Magic
  8456 | D:6      | Reached XP level 9. HP: 59/59 MP: 0/17
  8702 | D:6      | Reached * piety under Vehumet
  8702 | D:6      | Offered knowledge of Shock by Vehumet.
  8703 | D:6      | Reached skill level 5 in Stealth
  8725 | D:6      | Found a glowing drain.
  8729 | Sewer    | Entered a sewer
  9200 | Sewer    | Reached skill level 6 in Spellcasting
  9272 | D:6      | Learned a level 3 spell: Summon Guardian Golem
  9579 | D:6      | Found a staircase to the Ecumenical Temple.
 10131 | D:7      | Noticed Menkaure
 10138 | D:7      | Killed Menkaure
 10449 | D:7      | Reached ** piety under Vehumet
 10451 | D:7      | Offered knowledge of Static Discharge by Vehumet.
 10651 | D:7      | Found a shadowy altar of Dithmenos.
 10763 | D:7      | Found a runed translucent door.
 10764 | D:7      | Noticed Crazy Yiuf
 10891 | D:7      | Killed Crazy Yiuf
 10961 | D:8      | Reached skill level 7 in Spellcasting
 10975 | D:8      | Reached XP level 10. HP: 50/65 MP: 3/20
 10979 | D:8      | Learned a level 3 spell: Swiftness
 11136 | D:8      | Reached skill level 1 in Poison Magic
 11383 | D:8      | Found a staircase to the Lair.
 11650 | D:8      | Found a shimmering altar of Xom.
 11656 | D:8      | Reached skill level 8 in Spellcasting
 11656 | D:8      | Found a shimmering altar of Xom.
 11656 | D:8      | Found a shimmering altar of Xom.
 11807 | D:8      | Found a shimmering altar of Xom.
 11811 | D:8      | Found a shimmering altar of Xom.
 11839 | D:8      | Found a shimmering altar of Xom.
 11938 | D:8      | Offered knowledge of Stone Arrow by Vehumet.
 12079 | D:8      | Noticed a black mamba
 12108 | D:8      | Noticed a cane toad
 12108 | D:8      | a black mamba changed into a cane toad
 12155 | D:8      | Found Nimaej's Distillery.
 12168 | D:8      | Bought a potion of curing for 30 gold pieces
 12168 | D:8      | Bought a potion of heal wounds for 50 gold pieces
 12168 | D:8      | Bought a potion of magic for 80 gold pieces
 12371 | Lair:1   | Entered Level 1 of the Lair of Beasts
 12493 | Lair:1   | Noticed a cane toad
 12494 | Lair:1   | Noticed a black mamba
 12499 | Lair:1   | Noticed a cane toad
 12500 | Lair:1   | Killed a black mamba
 12502 | Lair:1   | Killed a cane toad
 12503 | Lair:1   | Reached skill level 1 in Air Magic
 12506 | Lair:1   | Reached skill level 9 in Spellcasting
 12507 | Lair:1   | Killed a cane toad
 12508 | Lair:1   | Reached XP level 11. HP: 60/70 MP: 1/24
 12592 | Lair:1   | Reached *** piety under Vehumet
 13363 | Lair:1   | Identified the +0 chain mail "Rerarchut" {Fly Str+2 Int-5
                  | SInv}
 13634 | Lair:1   | Learned a level 4 spell: Hailstorm
 14738 | Lair:2   | Offered knowledge of Frozen Ramparts by Vehumet.
 14862 | Lair:2   | Found a staircase to the Shoals.
 15272 | Lair:2   | Found a hole to the Spider Nest.
 15627 | Lair:2   | Reached skill level 10 in Spellcasting
 15925 | Lair:2   | Learned a level 3 spell: Frozen Ramparts
 15955 | Lair:3   | Noticed an eight-headed hydra
 15966 | Lair:3   | Killed an eight-headed hydra
 15967 | Lair:3   | Reached skill level 10 in Fire Magic
 16591 | D:9      | Reached skill level 1 in Transmutations
 16729 | D:9      | Identified the +10 flail of Fear {antimagic, Fragile rN+
                  | rCorr}
 17184 | D:9      | Reached **** piety under Vehumet
 17236 | D:9      | Offered knowledge of Iskenderun's Mystic Blast by Vehumet.
 17875 | D:9      | Found a staircase to the Orcish Mines.
 18003 | D:9      | Found an opulent altar of Gozag.
 18011 | D:10     | Entered Level 10 of the Dungeon
 18024 | D:10     | Gained mutation: You are surrounded by a moderate repulsion
                  | field. (EV +3) [demonic ancestry]
 18024 | D:10     | Reached XP level 12. HP: 78/78 MP: 26/26
 18054 | D:10     | Noticed Grum
 18062 | D:10     | Killed Grum
 18318 | D:10     | Noticed a catoblepas
 18329 | D:10     | Killed a catoblepas
 18534 | D:10     | Reached skill level 1 in Evocations
 18612 | D:10     | Found Naydd's Armour Shop.
 19001 | D:10     | Reached skill level 5 in Conjurations
 19084 | D:10     | You fall into a shaft and drop 3 floors!
 19084 | D:13     | Found a portal to a secret trove of treasure.
 19093 | D:13     | Identified the +1 cloak of the Monkey's Uncle {Rampage
                  | Drain rElec rC+++}
 19093 | D:13     | Noticed a tengu warrior
 19132 | D:13     | Killed a tengu warrior
 19744 | D:13     | Noticed a four-headed hydra
 19750 | D:13     | Killed a four-headed hydra
 19817 | D:13     | Noticed a centaur warrior
 19820 | D:13     | Killed a centaur warrior
 19862 | D:13     | Noticed a centaur warrior
 19862 | D:13     | Noticed a centaur warrior
 19875 | D:13     | Killed a centaur warrior
 19876 | D:13     | Reached skill level 11 in Spellcasting
 19884 | D:13     | Killed a centaur warrior
 19884 | D:13     | Reached ***** piety under Vehumet
 19884 | D:13     | Offered knowledge of Fireball by Vehumet.
 20084 | D:13     | Noticed a tengu warrior
 20093 | D:13     | Killed a tengu warrior
 20566 | D:12     | Noticed a two-headed ogre
 20567 | D:12     | Noticed a two-headed ogre
 20591 | D:12     | Noticed a centaur warrior
 20595 | D:12     | Noticed a boulder beetle
 20597 | D:12     | Noticed an ogre mage
 20600 | D:12     | Paralysed by an ogre mage for 4 turns
 21412 | D:12     | Reached XP level 13. HP: 84/84 MP: 28/28
 21488 | D:12     | Identified the +6 chain mail "Cujoam" {rF+ rC+ Int+3 Dex+2}
 21490 | D:12     | Reached skill level 12 in Spellcasting
 21494 | D:12     | Reached skill level 10 in Stealth
 21498 | D:12     | Noticed Jorgrun
 21498 | D:12     | Noticed Snorg
 21519 | D:12     | Killed Jorgrun
 22006 | D:12     | Learned a level 5 spell: Fireball
 22404 | D:12     | Killed Snorg
 22839 | D:11     | Reached XP level 14. HP: 90/90 MP: 30/30
 23228 | D:12     | Reached skill level 13 in Spellcasting
 23229 | D:12     | Noticed a tengu reaver
 23231 | D:12     | Offered knowledge of Iron Shot by Vehumet.
 23236 | D:12     | Killed a tengu reaver
 23476 | D:12     | Learned a level 2 spell: Blink
 24432 | D:11     | Noticed Harold
 24438 | D:11     | Killed Harold
 25177 | Orc:1    | Entered Level 1 of the Orcish Mines
 26453 | Orc:2    | Entered Level 2 of the Orcish Mines
 27091 | Orc:2    | Offered knowledge of Ozocubu's Refrigeration by Vehumet.
 27315 | Orc:2    | Paralysed by an ogre mage for 2 turns
 27642 | Orc:2    | Found Ipidd's General Store.
 27647 | Orc:2    | Found Vainuc's Magic Scroll Shoppe.
 27650 | Orc:2    | Bought a scroll of fear for 64 gold pieces
 27650 | Orc:2    | Found a staircase to the Elven Halls.
 27652 | Orc:2    | Found Katen's Antique Weapon Shop.
 27653 | Orc:2    | Found Deeg's Antique Armour Shop.
 27655 | Orc:2    | Bought a scroll of poison for 52 gold pieces
 27655 | Orc:2    | Bought a scroll of poison for 52 gold pieces
 27655 | Orc:2    | Bought a scroll of blinking for 97 gold pieces
 27655 | Orc:2    | Bought a scroll of acquirement for 676 gold pieces
 27655 | Orc:2    | Acquired an amulet of regeneration
 27779 | Orc:2    | Bought a glowing helmet for 165 gold pieces
 28055 | Orc:2    | Learned a level 3 spell: Stone Arrow
 28450 | Lair:3   | Found a broken altar of Ashenzari.
 28464 | Lair:3   | Reached skill level 14 in Spellcasting
 28469 | Lair:3   | Gained mutation: Spells you cast may paralyse nearby
                  | enemies. [demonic ancestry]
 28469 | Lair:3   | Reached XP level 15. HP: 98/98 MP: 13/33
 29148 | Lair:3   | Reached skill level 5 in Dodging
 29150 | Lair:3   | Noticed TheSexyCheese's ghost (journeyman MiFi)
 29152 | Lair:3   | Found a transporter.
 29174 | Lair:3   | Found a transporter.
 29754 | Lair:4   | Found a staircase to the Slime Pits.
 29775 | Lair:4   | Reached ****** piety under Vehumet
 29794 | Lair:4   | Identified the +4 scale mail of Immorality {rElec Dex+4}
 29835 | Lair:4   | Found a gate leading to a gauntlet.
 29843 | Gauntlet | Entered a Gauntlet
 29843 | Gauntlet | Found a transporter.
 29843 | Gauntlet | Found a transporter.
 29843 | Gauntlet | Found a transporter.
 30037 | Gauntlet | Found a transporter.
 30047 | Gauntlet | Found a transporter.
 30065 | Gauntlet | Found a transporter.
 30075 | Gauntlet | Found a transporter.
 30091 | Gauntlet | Found a transporter.
 30097 | Gauntlet | Found a transporter.
 30111 | Gauntlet | Found a transporter.
 30131 | Gauntlet | Found a transporter.
 30361 | Gauntlet | Found a transporter.
 30446 | Gauntlet | Offered knowledge of Conjure Ball Lightning by Vehumet.
 30879 | Gauntlet | Identified the +7 glaive of the Grinning Scorpion {protect,
                  | rF++ Str+2 Dex+2}
 30879 | Gauntlet | Identified the ring "Fifos" {EV+4 Str+3}
 31768 | Lair:4   | Reached skill level 1 in Polearms
 32594 | Orc:2    | Bought a glowing quick blade for 630 gold pieces
 32747 | Lair:5   | Entered Level 5 of the Lair of Beasts
 32966 | Lair:5   | Reached skill level 5 in Poison Magic
 32977 | Lair:5   | Reached skill level 1 in Earth Magic
 33741 | Lair:5   | Found a large runed translucent door.
 33742 | Lair:5   | Found a large runed translucent door.
 34536 | Lair:5   | Reached skill level 1 in Ice Magic
 35199 | D:14     | Found a transporter.
 35204 | D:14     | Found a bloodstained altar of Trog.
 35209 | D:14     | Found a transporter.
 35213 | D:14     | Noticed Jutsoyk's ghost (journeyman DrCj)
 35686 | D:14     | Found a gate to the Vaults.
 35730 | D:14     | Reached XP level 16. HP: 106/106 MP: 27/34
 36420 | D:14     | Learned a level 4 spell: Fulminant Prism
 36554 | D:15     | Entered Level 15 of the Dungeon
 36856 | D:15     | Identified the ring of Fuisma {EV+4 Int+5 Dex+3}
 36949 | D:15     | Noticed Louise
 37195 | D:15     | Killed Louise
 37344 | D:15     | Offered knowledge of Orb of Destruction by Vehumet.
 37599 | D:15     | Reached skill level 15 in Spellcasting
 37686 | D:15     | Found a staircase to the Depths.
 38806 | Lair:3   | Killed TheSexyCheese's ghost
 39265 | Elf:1    | Entered Level 1 of the Elven Halls
 39334 | Elf:1    | Paralysed by an air elemental for 1 turns
 39338 | Elf:1    | Paralysed by an air elemental for 1 turns
 39358 | Elf:1    | Reached skill level 1 in Hexes
 39377 | Abyss:3  | Cast into level 3 of the Abyss (a deep elf sorcerer)
 39383 | Abyss:3  | Noticed a Hell Sentinel
 39385 | Abyss:3  | HP: 1/108 [poisoned by a green very ugly thing]
 39385 | Abyss:3  | Killed from afar by a meliai

Illustrated notes

Levels and vault maps discovered:
D:1:      dpeg_arrival_shelter, layout_rooms,
          ebering_ecumenical_altar_abandoned, item_on_display_a
D:2:      minmay_general_purpose_star, layout_basic, minmay_close_crescents
D:3:      layout_basic, old_standard_altar, serial_shops, nicolae_shop_stone,
          kennysheep_nondescript, kennysheep_generic_room_4
D:4:      layout_gridville, nicolae_shop_overcharged_wands, uniq_ijyb
D:5:      layout_rooms, nicolae_qazlal_eye_of_the_storm,
          grunt_temple_overflow_diamond, uniq_pikel, uniq_sigmund
D:6:      layout_basic, minmay_temple_entry_fiery, gup_sewer_entry_spiral,
          minmay_mini_ossuary
D:7:      layout_basic, grunt_dithmenos_smoke_and_mirrors, serial_demonic,
          serial_demonic_b, serial_demonic_c, serial_demonic_f,
          serial_demonic_a, uniq_crazy_yiuf_cottage, uniq_menkaure
D:8:      layout_loops_ring, xom_shifter_show, david_lair_generic, serial_shops,
          nicolae_lakefront_shop
D:9:      layout_long_grid, kennysheep_mini_moat, erik_orc_2
D:10:     nzn_winding_woodlands_small [nzn_winding_woodlands_5x15_pool,
          nzn_winding_woodlands_center_triple_pond,
          nzn_winding_woodlands_5x15_garden], layout_cave_pods, serial_shops,
          nicolae_shop_hallway_plus, uniq_grum
D:11:     layout_basic, kennysheep_generic_room_13, uniq_harold
D:12:     minmay_the_grid_square_5x5_5x5_mashed
          [minmay_the_grid_square_5x5_six_small,
          minmay_the_grid_square_5x5_fat_x,
          minmay_the_grid_square_5x5_intrusive_squares,
          minmay_the_grid_square_5x5_inset,
          minmay_the_grid_square_5x5_three_small,
          minmay_the_grid_square_5x5_pentomino_r,
          minmay_the_grid_square_5x5_prize_rear_guard,
          minmay_the_grid_square_5x5_shrine1,
          minmay_the_grid_square_5x5_prize_junk,
          minmay_the_grid_square_5x5_shuriken,
          minmay_the_grid_square_5x5_misaligned,
          minmay_the_grid_square_5x5_corner,
          minmay_the_grid_square_5x5_prize_itemx,
          minmay_the_grid_square_5x5_meh,
          minmay_the_grid_square_5x5_checkered_statues,
          minmay_the_grid_square_5x5_tri_point,
          minmay_the_grid_square_5x5_prize_pseudospiral,
          minmay_the_grid_square_5x5_one_wall,
          minmay_the_grid_square_5x5_prize_monsterx,
          minmay_the_grid_square_5x5_n_small,
          minmay_the_grid_square_5x5_minibox,
          minmay_the_grid_square_5x5_longway, minmay_the_grid_square_5x5_empty,
          minmay_the_grid_square_5x5_slash, minmay_the_grid_square_5x5_mess],
          layout_basic, hangedman_tell_no_tales, uniq_snorg, uniq_jorgrun
D:13:     layout_roguey, nicolae_trove_entry_crossroad, minmay_librarian
D:14:     layout_grid_maze, erik_vaults_2, gammafunk_ghost_wrathful_warriors,
          minmay_stone_trees_large
D:15:     grunt_enter_depths_hoard, layout_basic, uniq_louise
Lair:1:   layout_loops_ring, grunt_megastairs_2
Lair:2:   layout_long_grid, elwin_shoals_entry_rocks, dummy_spider_entry
Lair:3:   regret_index_harrowing_hell_hive, layout_regular_city,
          gammafunk_ghost_hive, basic_altar, lemuel_fruit_fields,
          lemuel_fruit_fields
Lair:4:   layout_small_grid, minmay_slime_entry_pillars, gauntlet_entry_generic,
          nicolae_quartered_pool_impasse, nzn_sisyphean_effort
Lair:5:   cheibrodos_lair_end_hotspot, layout_hall_layers
Orc:1:    layout_diamond_mine
Orc:2:    st_orc_open, layout_caves, lemuel_statue_altar
Elf:1:    layout_onion_city, ebering_ghost_disaster_area, serial_shops,
          nicolae_shop_hallway_stairs, orc_legates,
          nicolae_elf_shapeshifter_party
Abyss:3:  base: D:6, grunt_abyss_rune_wretched_hive

Skill      XL: |  1  2  3  4  5  6  7  8  9 10 11 12 13 14 15 16 |
---------------+-------------------------------------------------+-----
Fire Magic     | 3 4 5 7 8 10 11 12 13 | 13.5
Dodging        | 2 3 4 5 |  5.5
Stealth        | 2 3 4 6 7 8 9 10 11 12 | 12.6
Spellcasting   | 3 4 5 7 9 10 11 12 14 15 | 15.1
Maces & Flails | 1 |  1.8
Armour         | 1 2 3 4 |  4.7
Conjurations   | 2 3 4 5 6 7 8 9 |  9.3
Short Blades   | 1 2 3 4 |  4.3
Fighting       | 1 2 3 4 |  4.7
Poison Magic   | 1 2 3 4 5 |  5.0
Air Magic      | 1 2 3 |  3.3
Transmutations | 1 2 3 |  3.4
Evocations     | 3 |  3.6
Polearms       | 3 4 |  4.8
Earth Magic    | 2 3 |  3.4
Ice Magic      | 1 |  1.1
Hexes          | 1 |  1.1
Throwing       | |  0.5
Summonings     | |  0.8

Action                   |  1- 3 |  4- 6 |  7- 9 | 10-12 | 13-15 | 16-18 || total
-------------------------+-------+-------+-------+-------+-------+-------++-------
Melee: Whip              |    77 |     1 |       |       |       |       ||    78
       Touch             |     7 |     9 |     7 |     9 |    12 |       ||    44
       Morningstar       |       |    28 |       |       |       |       ||    28
       Dagger            |       |    10 |    94 |   113 |   171 |       ||   388
       Punch             |       |       |     1 |     1 |       |       ||     2
       Glaive            |       |       |       |       |   129 |    71 ||   200
Throw: Dart              |       |       |       |     3 |     2 |       ||     5
       Throwing net      |       |       |       |     2 |     2 |       ||     4
 Cast: Foxfire           |    72 |   100 |    92 |   106 |     6 |     6 ||   382
       Scorch            |       |    13 |    98 |   167 |   153 |    15 ||   446
       Mephitic Cloud    |       |       |     5 |    36 |    67 |    10 ||   118
       Ignite Poison     |       |       |     3 |    25 |    38 |     7 ||    73
       Sticky Flame      |       |       |     2 |    47 |   113 |     5 ||   167
       Summon Guardian G |       |       |       |     2 |     6 |     1 ||     9
       Flame Wave        |       |       |       |     1 |    31 |     6 ||    38
       Hailstorm         |       |       |       |       |     3 |       ||     3
       Swiftness         |       |       |       |       |     1 |       ||     1
       Fireball          |       |       |       |       |    21 |       ||    21
       Frozen Ramparts   |       |       |       |       |     6 |     3 ||     9
       Stone Arrow       |       |       |       |       |   108 |   119 ||   227
       Fulminant Prism   |       |       |       |       |       |     4 ||     4
Evoke: Wand              |       |       |       |    17 |    16 |     2 ||    35
       Condenser vane    |       |       |       |       |     4 |     1 ||     5
       Lightning rod     |       |       |       |       |     5 |       ||     5
  Use: Scroll            |       |     4 |    13 |    10 |    20 |     4 ||    51
       Potion            |       |     5 |     4 |    10 |    19 |     7 ||    45
 Stab: Sleeping          |     1 |     5 |     6 |    11 |    17 |     2 ||    42
       Paralysed         |       |     6 |    30 |    55 |   135 |    41 ||   267
       Confused          |       |       |       |     1 |     1 |       ||     2
       Invisible         |       |       |       |       |     1 |       ||     1
Armor: Robe              |    14 |       |       |       |       |       ||    14
       Leather armour    |       |     9 |     8 |    22 |       |       ||    39
       Steam dragon scal |       |       |       |    21 |     7 |       ||    28
       Troll leather arm |       |       |       |       |   187 |    54 ||   241
Dodge: Dodged            |    69 |    47 |   113 |   209 |   599 |   174 ||  1211
